Map: Dusk Towers

Players

LilDicky - Winner!

  • Race: Terran Terran
  • League: Diamond

DhOjhA

  • Race: Terran Terran
  • League: Diamond

VOD

http://www.twitch.tv/tumescentpie

Description

Time

  • Played on: Dec. 25, 2015, 12:51 a.m.
  • Length: 6:39
Show
View Real Time Build Order
Export as new Build Order

LilDicky Terran - Winner!

Build Orders: Liberator Opening 

Get SALT Encoding   

  12  0:01  SCV  
  13  0:13  SCV  
  14  0:18  Supply Depot  
  14  0:27  SCV  
  15  0:39  SCV  
  16  0:42  Refinery  
  16  0:44  Barracks  
  16  0:52  SCV  
  17  1:04  SCV  
  18  1:16  SCV  
  19  1:31  Supply Depot  
  19  1:32  Marine  
  21  1:34  Orbital Command  
  21  1:39  Refinery  
  20  1:45  Factory  
  20  1:50  Marine  
  21  2:01  SCV  
  21  2:07  Marine  
  23  2:13  SCV  
  24  2:23  Supply Depot  
  24  2:25  Barracks, Marine  
  24  2:26  SCV  
  24  2:29  Factory Tech Lab  
  26  2:31  Starport  
  26  2:40  SCV  
  27  2:45  Supply Depot  
  27  2:49  Marine  
  28  2:53  Siege Tank  
  28  2:57  SCV  
  32  2:59  Liberator  
  32  3:09  Supply Depot  
  32  3:10  SCV  
  33  3:18  Marine x2  
  38  3:22  SCV  
  39  3:34  SCV, Siege Tank  
  39  3:41  Supply Depot  
  43  3:42  Marine  
  43  3:44  Marine  
  43  3:46  SCV  
  46  3:59  Marine  
  47  4:03  Viking  
  49  4:16  Siege Tank, Marine  
  50  4:28  SCV  
  50  4:29  Supply Depot  
  51  4:39  Starport Tech Lab  
  51  4:41  SCV  
  51  4:43  Marine  
  53  4:49  Siege Tank  
  51  5:16  Banshee  
  54  5:27  Command Center  
  50  5:47  Siege Tank  
  41  6:10  SCV  
  34  6:22  SCV  
Show
View Real Time Build Order
Export as new Build Order

DhOjhA Terran 

Build Orders:  

Get SALT Encoding   

  12  0:01  SCV  
  13  0:13  SCV  
  14  0:21  Supply Depot  
  14  0:25  SCV  
  16  0:42  SCV  
  16  0:44  Barracks  
  16  0:47  Refinery  
  16  0:55  SCV  
  17  1:07  SCV  
  18  1:19  SCV  
  19  1:33  Orbital Command  
  19  1:34  Reaper  
  20  1:42  Barracks  
  20  1:44  Barracks  
  20  1:55  Refinery  
  20  1:57  Supply Depot  
  20  2:01  SCV  
  21  2:10  Factory  
  21  2:15  SCV  
  22  2:24  Reaper  
  22  2:28  SCV  
  24  2:36  Reaper  
  24  2:41  SCV  
  24  2:42  Reaper  
  26  2:53  SCV  
  27  3:00  Command Center, Reaper  
  27  3:05  SCV, Factory Tech Lab  
  29  3:09  Reaper  
  30  3:16  Reaper  
  31  3:23  Supply Depot  
  31  3:33  Supply Depot  
  31  3:43  Starport  
  31  3:45  SCV  
  32  3:57  SCV  
  32  3:58  Reaper  
  32  4:01  Barracks Reactor  
  33  4:03  Barracks Reactor  
  33  4:09  SCV, Supply Depot  
  34  4:10  Engineering Bay  
  34  4:27  Siege Tank  
  37  4:40  SCV  
  37  4:41  Orbital Command  
  37  4:44  Viking  
  40  5:11  Marine  
  40  5:12  Marine x2  
  40  5:13  SCV  
  44  5:18  Supply Depot, Marine x2  
  46  5:41  Marine x3  
  45  5:49  Marine x2  
  47  5:56  Siege Tank  
  49  5:59  Marine x3  
  51  6:09  SCV x2, Marine  
  53  6:17  Marine x2  
  56  6:21  SCV  
Tags
 
Add a new tag
Caveats
  • Supply blocks, unpowered buildings, or Contaminate may cause inaccurate times.
  • Supply counts are checked every 10 seconds.